 Dungeon Crawl Stone Soup version 0.26-a0-720-g2a1d101370 (webtiles) character file.

Game seed: 16763580921782678225

705 karrick the Chopper (level 7, 16/52 HPs)
             Began as a Demonspawn Gladiator on Nov 4, 2020.
             Quit the game on level 5 of the Dungeon.
             The game lasted 00:07:49 (6576 turns).

karrick the Chopper (Demonspawn Gladiator)          Turns: 6576, Time: 00:07:50

Health: 16/52      AC:  5    Str: 16    XL:     7   Next: 39%
Magic:  7/7        EV: 13    Int: 11    God:
Gold:   320        SH:  5    Dex: 15    Spells: 6/6 levels left

rFire    . . .     SeeInvis .   a - +0 war axe
rCold    . . .     Faith    .   u - +2 buckler
rNeg     . . .     Spirit   .   b - +0 leather armour
rPois    .         Reflect  .   c - +0 helmet
rElec    .         Harm     .   g - +0 cloak (curse)
rCorr    .         Rampage  .   (no gloves)
MR       .....                  (no boots)
Stlth    ++........             o - amulet of the acrobat
HPRegen  0.17/turn              (no ring)
MPRegen  0.10/turn              (no ring)

@: no status effects
A: talons 1, big brain 1
a: no special abilities


You were on level 5 of the Dungeon.
You visited 1 branch of the dungeon, and saw 5 of its levels.

You collected 320 gold pieces.

Inventory:

Hand Weapons
 a - a +0 war axe (weapon)
 s - a +1 hand axe of flaming
Missiles
 d - 6 throwing nets (quivered)
Armour
 b - a +0 leather armour (worn)
 c - a +0 helmet (worn)
 g - a cursed +0 cloak (worn)
 h - a +0 buckler
 u - a +2 buckler (worn)
Jewellery
 o - an amulet of the acrobat (around neck)
Wands
 t - a wand of polymorph (7)
Scrolls
 f - 4 scrolls of identify {unknown}
 j - a scroll of teleportation {unknown}
 l - a scroll of blinking {unknown}
 m - a scroll of fear {unknown}
 p - 4 scrolls of remove curse {unknown}
Potions
 e - 2 potions of haste {unknown}
 i - 3 potions of heal wounds {unknown}
 k - 2 potions of curing {unknown}
 n - a potion of ambrosia {unknown}
 q - a potion of flight {unknown}
 r - a potion of brilliance {unknown}


   Skills:
 + Level 3.3 Fighting
 + Level 6.0 Axes
 + Level 1.9 Throwing
 + Level 2.4 Armour
 + Level 4.0 Dodging
 + Level 1.1 Stealth


You had 6 spell levels left.
You didn't know any spells.
Your spell library was empty.

Dungeon Overview and Level Annotations

Branches:
Dungeon (5/15)
 Temple: D:4-7

Altars:
Dithmenos
Elyvilon
Fedhas
Kikubaaqudgha
Nemelex Xobeh
Wu Jian
Yredelemnul

Shops:
D:4 =

Annotations:
D:5 Eustachio


Innate Abilities, Weirdness & Mutations

You have sharp toenails.
You have an unusually large brain. (Int +2)


Message History

Eustachio blinks!
The river rat barely misses you. The quokka completely misses you.
Eustachio mumbles some strange words.
Eustachio blinks!
You are too injured to fight recklessly!
Unknown command.
You are too injured to fight recklessly!
Unknown command.
You are too injured to fight recklessly!
Unknown command.
You barely miss the quokka. You claw the quokka.
You kill the quokka!
The quokka's corpse disappears in a puff of smoke!
You slash the river rat! You closely miss the river rat.
The river rat bites you.
Eustachio gestures wildly while chanting.
The river rat closely misses you. The river rat bites you.
Quiver which item? (- for none, * to show all) (? for menu, Esc to quit)
Okay, then.
Are you sure you want to abandon this character and quit the game? (Confirm with "yes".)

#..............##
#.#
<...###.........#
......+.........+
....###..$......#
....#
#........###
#.###
#.#...5....# #..
#.#....###.# ...
#......## #.#
##....###..# #@#
.... #.....rr#
##.. #.5....Z#
... ....@...#
)........
#.......#
#.ยง.....#
#.......#


You could see Eustachio, 2 river rats, a white imp (summoned) and a centaur
zombie.

Vanquished Creatures
  A phantom (D:4)
  2 ogres (D:4)
  A hound (D:3)
  A jelly (D:5)
  An iguana (D:4)
  A worker ant (D:4)
  2 orc wizards (D:4)
  A killer bee zombie (D:4)
  9 adders
  4 gnolls (D:3)
  An ooze (D:3)
  An adder skeleton (D:4)
  6 worms
  4 dart slugs
  6 leopard geckos
  24 orcs
  A ball python (D:3)
  2 giant cockroaches
  8 hobgoblins
  9 bats
  3 frilled lizards
  4 goblins
  9 kobolds
  A quokka zombie (D:5)
  4 rats
106 creatures vanquished.

Notes
Turn   | Place    | Note
-------+----------+-------------------------------------------
     0 | D:1      | karrick the Demonspawn Gladiator began the quest for the
                  | Orb.
     0 | D:1      | Reached XP level 1. HP: 16/16 MP: 1/1
   502 | D:1      | Found a sparkling altar of Nemelex Xobeh.
   523 | D:1      | Gained mutation: You have an unusually large brain. (Int
                  | +2) [demonic ancestry]
   523 | D:1      | Reached XP level 2. HP: 17/22 MP: 2/2
   800 | D:1      | Reached skill level 3 in Axes
  1276 | D:2      | Reached XP level 3. HP: 27/27 MP: 3/3
  1289 | D:2      | Found a basalt altar of Yredelemnul.
  1568 | D:2      | Found an ornate altar of the Wu Jian Council.
  1824 | D:2      | Reached XP level 4. HP: 18/34 MP: 4/4
  1971 | D:2      | Reached skill level 1 in Armour
  2327 | D:2      | Found a shadowy altar of Dithmenos.
  2544 | D:3      | Reached skill level 4 in Axes
  2985 | D:3      | Reached XP level 5. HP: 20/39 MP: 5/5
  4486 | D:4      | Found a white marble altar of Elyvilon.
  4491 | D:4      | Noticed an ogre
  4550 | D:4      | Reached XP level 6. HP: 33/46 MP: 6/6
  5000 | D:4      | Reached skill level 5 in Axes
  5000 | D:4      | Reached skill level 1 in Stealth
  5155 | D:4      | Found Ceol's Jewellery Emporium.
  5192 | D:4      | Gained mutation: You have sharp toenails. [demonic
                  | ancestry]
  5192 | D:4      | Reached XP level 7. HP: 5/52 MP: 7/7
  5712 | D:4      | Found an ancient bone altar of Kikubaaqudgha.
  5712 | D:4      | Found a blossoming altar of Fedhas.
  5768 | D:4      | Found a transporter.
  5790 | D:4      | Found a transporter.
  6357 | D:5      | Entered Level 5 of the Dungeon
  6501 | D:5      | Reached skill level 6 in Axes
  6547 | D:5      | Noticed Eustachio
  6576 | D:5      | Quit the game

Illustrated notes

Levels and vault maps discovered:
D:1:      dpeg_arrival_morbid_curiosity, layout_basic, kennysheep_pointless_box,
          nemelex_diamond_rough_becter
D:2:      layout_basic, lemuel_round_altar, lemuel_coloured_pillars_altar,
          lemuel_altar_in_water
D:3:      layout_basic
D:4:      gammafunk_wand_slinger, layout_basic,
          grunt_temple_overflow_growth_and_decay, lemuel_doored_altar,
          serial_shops, shop, roderic_roman_lattice
D:5:      layout_loops_corners, makhleb_heckhound_becter,
          minmay_temple_entry_mist, grunt_decor_cap, uniq_duvessa, uniq_sigmund,
          uniq_eustachio

Skill      XL: |  1  2  3  4  5  6  7 |
---------------+----------------------+-----
Axes           | 3 4 5 6 |  6.0
Dodging        | 3 4 |  4.0
Armour         | 1 2 |  2.4
Stealth        | 1 |  1.1
Fighting       | 3 |  3.3
Throwing       | |  1.9

Action                   |  1- 3 |  4- 6 |  7- 9 || total
-------------------------+-------+-------+-------++-------
Melee: War axe           |   107 |   252 |    53 ||   412
       Kick              |       |       |    12 ||    12
 Stab: Sleeping          |     2 |       |       ||     2
Armor: Leather armour    |    25 |    54 |    11 ||    90
Dodge: Dodged            |   102 |   222 |    47 ||   371
Block: Buckler           |       |       |     9 ||     9

Table legend: (Time is in decaauts)
 A = Elapsed time spent in this place.
 B = Non-inter-level travel time spent in this place.
 C = Inter-level travel time spent in this place.
 D = Time resting spent in this place.
 E = Time spent auto-exploring this place.
 F = Levels seen in this place.
 G = Mean time per level.
                   A        B        C        D        E       F      G
               +--------+--------+--------+--------+--------+-----+--------+
         Total |   6700 |   6503 |    197 |    779 |   4688 |   5 | 1340.0 |
       Dungeon |   6700 |   6503 |    197 |    779 |   4688 |   5 | 1340.0 |
               +--------+--------+--------+--------+--------+-----+--------+

Top non-repeatable levels by time:
     D:3: 2273 daAuts
     D:4: 1802 daAuts
     D:2: 1298 daAuts
     D:1: 1101 daAuts
     D:5: 224 daAuts
